 Dungeon Sprint DCSS version 0.27-a0-1442-g87b6fcb595 (webtiles) character file.

Game seed: 1944264702494738123

121120 mhtbhm the Slayer (level 16, -15/273 HPs)
             Began as a Green Draconian Berserker on July 4, 2021.
             Was the Champion of Trog.
             Killed by an exploding ball lightning (45 damage)
             ... in the Dungeon (Sprint VII: "The Pits").
             The game lasted 00:18:13 (8261 turns).

mhtbhm the Slayer (Green Draconian Berserker)       Turns: 8261, Time: 00:18:14

Health: -15/273    AC: 15    Str: 36    XL:     16   Next: 31%
Magic:  0/16       EV: 24    Int:  8    God:    Trog [******]
Gold:   45         SH:  0    Dex: 17    Spells: 15/15 levels left

rFire    . . .     SeeInvis .   y - +9 glaive of Capital Punishment {vorpal, Dex+2 Stlth+}
rCold    . . .     Faith    .   (shield currently unavailable)
rNeg     + . .     Spirit   .   (armour unavailable)
rPois    +         Reflect  .   n - +0 hat
rElec    .         Harm     .   C - +1 cloak
rCorr    .         Rampage  .   B - +1 pair of gloves
Will     +++..     NoTele   +   A - +1 pair of boots
Stlth    ..........             t - amulet of magic regeneration
HPRegen  1.55/turn              v - +6 ring of strength
MPRegen  0.40/turn              z - ring "Simokk" {Fly rN+ Str+5 Dex+3}

@: berserking, strong-willed, frozen, flying, regenerating, hasted and slowed,
very slow
A: breathe noxious fumes, AC +9, unfitting armour, stinger 1, poison resistance,
cold-blooded, subdued magic 1
a: Breathe Noxious Fumes, Renounce Religion, Berserk, Trog's Hand, Brothers in
Arms


You were in the Dungeon.
You worshipped Trog.
Trog was exalted by your worship.
You visited 1 branch You collected 45 gold pieces.

Inventory:

Hand Weapons
 a - a +9 bardiche
 o - the +8 glaive of Unob Ida {freeze, rCorr Str+3}
   (You found it in the Dungeon)

   It has been specially enchanted to freeze those struck by it, causing extra
   injury to most foes and up to half again as much damage against particularly
   susceptible opponents.
   It can also slow down cold-blooded creatures.
   Str:       It affects your strength (+3).
   rCorr:     It protects you from acid and corrosion.
 y - the +9 glaive of Capital Punishment (weapon) {vorpal, Dex+2 Stlth+}
   (Trog gifted it to you in the Dungeon)

   It inflicts extra damage upon your enemies.
   Dex:       It affects your dexterity (+2).
   Stlth:     It makes you more stealthy.
Armour
 m - a +1 kite shield of protection
 n - a +0 hat (worn)
 A - a +1 pair of boots (worn)
 B - a +1 pair of gloves (worn)
 C - a +1 cloak (worn)
 D - a +1 tower shield
Jewellery
 t - an amulet of magic regeneration (around neck)
 u - a ring of protection from cold
 v - a +6 ring of strength (left hand)
 z - the ring "Simokk" (right hand) {Fly rN+ Str+5 Dex+3}
   (You took it off a vampire mage in the Dungeon)

   [ring of flight]

   Str:       It affects your strength (+5).
   Dex:       It affects your dexterity (+3).
   rN:        It protects you from negative energy.
   Fly:       It grants you flight.
Scrolls
 g - a scroll of blinking
 i - a scroll of summoning
 p - 3 scrolls of fog
 q - a scroll of fear
 r - 2 scrolls of enchant armour
 s - 2 scrolls of identify
Potions
 b - 9 potions of curing
 c - 2 potions of heal wounds
 d - 3 potions of haste
 e - 4 potions of magic
 f - 5 potions of berserk rage
 h - a potion of invisibility
 l - 3 potions of mutation
Miscellaneous
 j - a phial of floods
 k - a box of beasts
 w - a lightning rod (4/4)
 x - a phantom mirror


   Skills:
 + Level 26.8 Fighting
 + Level 26.7 Polearms
 + Level 18.7 Dodging
 + Level 20.6 Stealth
 + Level 8.6 Evocations


You had 15 spell levels left.
You didn't know any spells.
Your spell library was empty.

Dungeon Overview and Level Annotations

Branches:
Dungeon (1/1)

Altars:

Annotations:
D Lom Lobon


Innate Abilities, Weirdness & Mutations

You can breathe blasts of noxious fumes.
Your lurid green scales are hard. (AC +9)
You cannot fit into any form of body armour.
Your tail ends in a poisonous barb.
Your system is resistant to poisons. (rPois)
You are cold-blooded and may be slowed by cold attacks.
Your spells are a little easier to cast, but a little less powerful.


Message History

Your stone giant hits Lom Lobon!!
A ball lightning comes into view.
You slice the ball lightning like a ripe choko!!!
You feel the power of Trog in you as your rage grows.
The ball lightning explodes!
The blast of lightning engulfs the 26-headed Lernaean hydra!!!
The blast of lightning engulfs your stone giant!!!
Your stone giant dies!
Your stone giant's corpse disappears in a puff of smoke!
The blast of lightning engulfs you!!!
* * * LOW HITPOINT WARNING * * *
The blast of lightning engulfs Lom Lobon.
Lom Lobon completely resists.
You are engulfed in whirling frost.
The 26-headed Lernaean hydra roars deafeningly!
Something trumpets, "I shall feast on thy heart!"
The 26-headed Lernaean hydra dies!
* * * LOW HITPOINT WARNING * * *
An ancient lich opens the door.
Lom Lobon hits you!
* * * LOW HITPOINT WARNING * * *
You feel your power leaking away.
A ball lightning comes into view. x2
The ancient lich shouts!
Unknown command.
Unknown command.
You open Lom Lobon like a pillowcase!!!
Lom Lobon is severely wounded.
You are engulfed in whirling frost.
* * * LOW HITPOINT WARNING * * *
Lom Lobon hits you!!
* * * LOW HITPOINT WARNING * * *
Unknown command.
You miss Lom Lobon.
Lom Lobon is severely wounded.
You are engulfed in whirling frost.
The ball lightning explodes!
The blast of lightning engulfs Lom Lobon.
Lom Lobon completely resists.
The blast of lightning engulfs Deycolaf.
Deycolaf resists.
The blast of lightning engulfs you!!!
You die...

,,,,,,** *,,,,,,,,,,,,,,,,,,,*
,,,,,,,* *,,,,,,,,,,,,,,,,,,,*
,,,,,,,********+********#########
,,,,,,,**,,,,,,,,,,,,,,,........#
,,,,,,,**,,,,,,,,,,,,,,,........#
,,,,,,,*****************#######'#
,,,,,,,* ****** ### ### ### #'#
,,,,,,,* *,+#.###§###.###.#####.#
,,,,,,,****#...L@*§#..)'[..).##'#
,,,,,,,**,*##.###&###.###.#####.#
,,,,,,****+,*+*,##§§##'.###.###'#
,,,,,** *,,,*,,,#☼&§#...#...##.#
,,,,** ***,***,+##8§##.##')###'#
+**** *,*+*,***,#§#§#'#.#)# #.#
+**** **+,+**,*##§###.###.###'#
,,,,*** *,,,+,,,#..§'...#...##)#
,,,,,,** **,***,##'.'##.'#'.###'#


You could see Lom Lobon (vortex), Deycolaf, an ancient lich and a ball
lightning.

Vanquished Creatures
  2 ancient liches (D)
  A royal mummy (D)
  Boris (D)
  Margery (D)
  Frederick (D)
  Jory (D)
  3 pandemonium lords (D)
  A pearl dragon (D)
  A bone dragon (D)
  2 Brimstone Fiends (D)
  An electric golem (D)
  A tentacled monstrosity (D)
  An Ice Fiend (D)
  2 deep elf blademasters (D)
  A titan (D)
  2 quicksilver dragons (D)
  Gastronok (D)
  2 shadow dragons (D)
  A rockslime (D)
  A storm dragon (D)
  2 iron dragons (D)
  A frost giant (D)
  2 ghost moths (D)
  A cacodemon (D)
  2 azure jellies (D)
  An orc warlord (D)
  A blizzard demon (D)
  2 vault guards (D)
  2 deep elf high priests (D)
  2 ice dragons (D)
  2 hell beasts (D)
  2 hydras (D)
  A naga warrior (D)
  A vampire mage (D)
  4 death yaks (D)
  A two-headed ogre (D)
  A cherub (D)
  A spriggan druid (D)
  A shadow wraith (D)
  A large abomination (D)
  A deep troll (D)
  A bog body (D)
  A wizard (D)
  A deep elf pyromancer (D)
  3 orc knights (D)
  A cyclops (D)
  2 elephants (D)
  A rust devil (D)
  A gargoyle (D)
  A black mamba (D)
  A guardian serpent (D)
  A smoke demon (D)
  2 unseen horrors (D)
  2 rime drakes (D)
  Psyche (D)
  An efreet (D)
  A freezing wraith (D)
  A hellwing (D)
  A troll (D)
  3 ice devils (D)
  A wind drake (D)
  2 guardian mummies (D)
  A jumping spider (D)
  A merfolk (D)
  5 blink frogs (D)
  2 flying skulls (D)
  A spriggan (shapeshifter) (D)
  A small abomination (D)
  3 redbacks (D)
  5 yaks (D)
  A wraith (D)
  A shadow (D)
  A water elemental (D)
  3 spriggans (D)
  A fire elemental (D)
  A fire bat (D)
  3 golden eyes (D)
  Eustachio (D)
  A neqoxec (D)
  A warg (D)
  A water moccasin (D)
  A floating eye (D)
  2 orc warriors (D)
  A black bear (D)
  2 ogres (D)
  A necrophage (D)
  A wolf (D)
  A centaur (D)
  A phantom (D)
  Blork the orc (D)
  An earth elemental (D)
  A crimson imp (D)
  A jelly (D)
  3 orc priests (D)
  2 gnoll shamans (D)
  2 orc wizards (D)
  2 mummies (D)
  3 adders (D)
  9 gnolls (D)
  2 river rats (D)
  11 orcs (D)
  2 bat skeletons (D)
  An endoplasm (D)
  A hobgoblin (D)
  3 jackals (D)
  2 quokkas (D)
  A bat simulacrum (D)
  2 goblins (D)
  2 rats (D)
  A ball lightning (D)
185 creatures vanquished.

Vanquished Creatures (collateral kills)
  A frost giant (D)
  An orc warlord (D)
  A fire giant (D)
  A naga warrior (D)
  A vault guard (D)
  2 death yaks (D)
  3 deep elf knights (D)
  10 orc knights (D)
  2 elephants (D)
  A smoke demon (D)
  An efreet (D)
  A jumping spider (D)
  A neqoxec (D)
26 creatures vanquished.

Vanquished Creatures (others)
  the Lernaean hydra (D)
  An orc knight (D)
  A manticore (D)
  A rat (D)
  A ball lightning (D)
5 creatures vanquished.

Grand Total: 216 creatures vanquished

Notes
Turn   | Place    | Note
-------+----------+-------------------------------------------
     0 | D        | mhtbhm the Draconian Berserker began the quest for the Orb.
     0 | D        | Reached XP level 1. HP: 19/19 MP: 1/1
    55 | D        | Noticed a floating eye
    56 | D        | Reached ** piety under Trog
    59 | D        | Killed a floating eye
    60 | D        | Reached skill level 5 in Dodging
    60 | D        | Reached XP level 2. HP: 31/31 MP: 2/2
    60 | D        | Reached XP level 3. HP: 38/38 MP: 3/3
    60 | D        | Reached XP level 4. HP: 45/45 MP: 4/4
    70 | D        | Noticed a water moccasin
    77 | D        | Killed a water moccasin
    77 | D        | Reached *** piety under Trog
    78 | D        | Reached skill level 1 in Stealth
    78 | D        | Reached XP level 5. HP: 53/53 MP: 5/5
    82 | D        | Reached **** piety under Trog
   215 | D        | Noticed an orc warrior
   215 | D        | Noticed a phantom
   228 | D        | Killed an orc warrior
   229 | D        | Reached XP level 6. HP: 62/62 MP: 6/6
   232 | D        | Reached ***** piety under Trog
   238 | D        | Noticed a fire bat
   248 | D        | Received a gift from Trog
   255 | D        | Killed a fire bat
   256 | D        | Reached skill level 10 in Polearms
   256 | D        | Your scales start taking on a lurid green colour.
   256 | D        | Reached XP level 7. HP: 49/71 MP: 7/7
   256 | D        | Gained mutation: Your system is resistant to poisons.
                  | (rPois) [Green Draconian growth]
   266 | D        | Reached ****** piety under Trog
   374 | D        | Noticed Eustachio
   385 | D        | Killed Eustachio
   385 | D        | Identified the +5 executioner's axe of Peril {vorpal,
                  | Fragile Fly rF+++ MP-9} (Trog gifted it to you in the
                  | Dungeon)
   385 | D        | Received a gift from Trog
   386 | D        | Reached skill level 10 in Fighting
   532 | D        | Noticed a flying skull
   548 | D        | Killed a flying skull
   549 | D        | Reached XP level 8. HP: 80/80 MP: 8/8
   585 | D        | Noticed a death yak
   585 | D        | Noticed a death yak
   585 | D        | Noticed a death yak
   596 | D        | Killed a death yak
   603 | D        | Killed a death yak
   604 | D        | Reached skill level 5 in Stealth
   604 | D        | Reached XP level 9. HP: 90/90 MP: 9/9
   612 | D        | Killed a death yak
   612 | D        | Received a gift from Trog
   613 | D        | Reached skill level 10 in Dodging
   814 | D        | Noticed a hellwing
   815 | D        | Noticed a rime drake
   825 | D        | Killed a hellwing
   826 | D        | Killed a rime drake
   879 | D        | Noticed a rust devil
   879 | D        | Noticed a rime drake
   882 | D        | Killed a rime drake
   883 | D        | Reached skill level 15 in Polearms
   886 | D        | Killed a rust devil
   887 | D        | Reached XP level 10. HP: 100/100 MP: 3/10
  1039 | D        | Noticed Gastronok
  1060 | D        | Killed Gastronok
  1060 | D        | Received a gift from Trog
  1090 | D        | Noticed an elephant
  1097 | D        | Killed an elephant
  1155 | D        | Gained mutation: Your spells are a little easier to cast,
                  | but a little less powerful. [a neqoxec]
  1164 | D        | Received a gift from Trog
  1254 | D        | Noticed a cyclops
  1266 | D        | Killed a cyclops
  1437 | D        | Reached XP level 11. HP: 102/110 MP: 3/11
  1498 | D        | Received a gift from Trog
  1528 | D        | Noticed a death yak
  1549 | D        | Killed a death yak
  1814 | D        | Noticed a bog body
  1826 | D        | Noticed Psyche
  1827 | D        | Killed a bog body
  1827 | D        | Received a gift from Trog
  1837 | D        | Killed Psyche
  1844 | D        | Reached skill level 15 in Fighting
  1844 | D        | Received a gift from Trog
  2159 | D        | Noticed a four-headed hydra
  2169 | D        | Noticed a two-headed ogre
  2173 | D        | Killed a ghost moth
  2177 | D        | Killed a seven-headed hydra
  2177 | D        | Received a gift from Trog
  2179 | D        | Killed a two-headed ogre
  2356 | D        | Noticed Blork the orc
  2363 | D        | Received a gift from Trog
  2371 | D        | Killed Blork the orc
  2378 | D        | Reached XP level 12. HP: 122/122 MP: 4/12
  2382 | D        | Received a gift from Trog
  2647 | D        | Noticed a fire giant
  2647 | D        | Noticed an ice dragon
  2647 | D        | Noticed a death yak
  2648 | D        | Noticed a death yak
  2654 | D        | Killed a fire giant
  2662 | D        | Killed a death yak
  2666 | D        | Killed an ice dragon
  2669 | D        | Killed a death yak
  2669 | D        | Received a gift from Trog
  2955 | D        | Received a gift from Trog
  2975 | D        | Noticed a vault guard
  2981 | D        | Killed a vault guard
  2981 | D        | Identified the +0 glaive of Satek {vorpal, Will+} (Trog
                  | gifted it to you in the Dungeon)
  2981 | D        | Received a gift from Trog
  2993 | D        | Received a gift from Trog
  2996 | D        | Noticed an eight-headed hydra
  3003 | D        | Identified the ring "Simokk" {Fly rN+ Str+5 Dex+3}
  3003 | D        | Noticed a vampire mage
  3019 | D        | Killed a five-headed hydra
  3019 | D        | Identified the +3 rapier of Ynuiqyodid {freeze, rElec rC+
                  | rN+}
  3020 | D        | Reached skill level 1 in Evocations
  3029 | D        | Received a gift from Trog
  3030 | D        | Killed a vampire mage
  3031 | D        | Reached skill level 10 in Stealth
  3064 | D        | Received a gift from Trog
  3144 | D        | Noticed a hell beast
  3152 | D        | Killed a hell beast
  3153 | D        | Reached XP level 13. HP: 45/136 MP: 13/13
  3720 | D        | Noticed Ugolykkucw the pandemonium lord
  3731 | D        | Killed Ugolykkucw the pandemonium lord
  4055 | D        | Noticed a blizzard demon
  4058 | D        | Killed a blizzard demon
  4061 | D        | Noticed a Brimstone Fiend
  4064 | D        | Killed a Brimstone Fiend
  4188 | D        | Received a gift from Trog
  4197 | D        | Noticed an electric golem
  4205 | D        | Killed an electric golem
  4206 | D        | Reached skill level 5 in Evocations
  4436 | D        | Noticed a deep elf blademaster
  4437 | D        | Killed a deep elf blademaster
  4440 | D        | Noticed a shadow dragon
  4440 | D        | Noticed an iron dragon
  4440 | D        | Noticed Cajus the pandemonium lord
  4440 | D        | Noticed Boris
  4480 | D        | Noticed an orc warlord
  4480 | D        | Noticed an orc warlord
  4489 | D        | Reached skill level 15 in Dodging
  4493 | D        | Killed an orc warlord
  4499 | D        | Killed an orc warlord
  4499 | D        | Noticed a frost giant
  4504 | D        | Received a gift from Trog
  4515 | D        | Killed a frost giant
  4520 | D        | Received a gift from Trog
  4521 | D        | Gained mutation: Your tail ends in a poisonous barb. [Green
                  | Draconian growth]
  4521 | D        | Reached XP level 14. HP: 68/151 MP: 14/14
  4912 | D        | Got the +8 glaive of Unob Ida {freeze, rCorr Str+3}
  4967 | D        | Found the +9 staff of Wucad Mu {*channel}
  5509 | D        | Killed Boris
  5509 | D        | Received a gift from Trog
  5525 | D        | Killed Cajus the pandemonium lord
  5530 | D        | Killed an iron dragon
  5530 | D        | Received a gift from Trog
  5538 | D        | Killed a shadow dragon
  5866 | D        | Noticed a tentacled monstrosity
  5867 | D        | Killed a tentacled monstrosity
  5870 | D        | Noticed Margery
  5873 | D        | Killed Margery
  5873 | D        | Received a gift from Trog
  5926 | D        | Noticed a rockslime
  5928 | D        | Killed a rockslime
  5931 | D        | Noticed an ancient lich
  5955 | D        | Killed an ancient lich
  5956 | D        | Reached skill level 15 in Stealth
  6253 | D        | Killed a ghost moth
  6256 | D        | Noticed an Ice Fiend
  6260 | D        | Killed an Ice Fiend
  6261 | D        | Reached XP level 15. HP: 165/165 MP: 8/15
  6314 | D        | Noticed a bone dragon
  6323 | D        | Killed a bone dragon
  6539 | D        | Noticed an iron dragon
  6549 | D        | Killed an iron dragon
  6549 | D        | Identified the +9 glaive of Capital Punishment {vorpal,
                  | Dex+2 Stlth+} (Trog gifted it to you in the Dungeon)
  6549 | D        | Received a gift from Trog
  6617 | D        | Noticed a deep elf blademaster
  6625 | D        | Killed a deep elf blademaster
  6997 | D        | Noticed Itekekla the pandemonium lord
  7008 | D        | Killed Itekekla the pandemonium lord
  7286 | D        | Noticed an azure jelly
  7289 | D        | Killed an azure jelly
  7377 | D        | Noticed a quicksilver dragon
  7382 | D        | Killed a quicksilver dragon
  7547 | D        | Noticed a Brimstone Fiend
  7550 | D        | Killed a Brimstone Fiend
  7553 | D        | Noticed Frederick
  7558 | D        | Killed Frederick
  7558 | D        | Identified the +0 halberd of Wariness {antimagic, rPois rF+
                  | Str+2} (Trog gifted it to you in the Dungeon)
  7558 | D        | Received a gift from Trog
  7623 | D        | Noticed a pearl dragon
  7630 | D        | Killed a pearl dragon
  7708 | D        | Noticed an azure jelly
  7710 | D        | Killed an azure jelly
  7714 | D        | Noticed an ancient lich
  7716 | D        | Killed an ancient lich
  7722 | D        | Noticed a quicksilver dragon
  7722 | D        | Noticed a storm dragon
  7729 | D        | Killed a quicksilver dragon
  7730 | D        | Killed a storm dragon
  7735 | D        | Received a gift from Trog
  7781 | D        | Noticed a frost giant
  7783 | D        | Killed a frost giant
  7784 | D        | Reached XP level 16. HP: 180/180 MP: 16/16
  7799 | D        | Noticed a titan
  7800 | D        | Killed a titan
  7808 | D        | Noticed a shadow dragon
  7808 | D        | Noticed Jory
  7812 | D        | Killed a shadow dragon
  7812 | D        | Noticed a royal mummy
  7821 | D        | Killed Jory
  7821 | D        | Received a gift from Trog
  7827 | D        | Killed a royal mummy
  8231 | D        | Noticed Deycolaf the pandemonium lord
  8231 | D        | Noticed Lom Lobon
  8253 | D        | Noticed the 27-headed Lernaean hydra
  8259 | D        | Killed the 26-headed Lernaean hydra
  8259 | D        | Noticed an ancient lich
  8261 | D        | Killed by an exploding ball lightning

Illustrated notes

Levels and vault maps discovered:
D:        pitsprint [storerooms_1, entrance_room_1, metal_vault_4, armoury_3,
          mini_pit_1, grid_room_1, main_hall_1, silver_pit, the_coven_1,
          the_vestibule_1, steel_vault_4, golden_pit, hallway_of_sentries,
          crystal_vault_1, iron_vault_2, final_vault]

Skill      XL: |  1  2  3  4  5  6  7  8  9 10 11 12 13 14 15 16 |
---------------+-------------------------------------------------+-----
Dodging        | 5 6 7 8 9 10 11 12 13 15 16 18 | 18.7
Fighting       | 6 7 8 9 10 11 12 14 16 18 21 23 26 | 26.8
Polearms       | 6 7 8 10 11 13 15 17 20 22 24 26 | 26.7
Stealth        | 1 2 3 5 7 8 9 10 11 16 19 20 | 20.6
Evocations     | 2 6 8 |  8.6

Action                   |  1- 3 |  4- 6 |  7- 9 | 10-12 | 13-15 | 16-18 || total
-------------------------+-------+-------+-------+-------+-------+-------++-------
Melee: Trident           |     5 |    47 |    68 |       |       |       ||   120
       Spear             |     3 |       |       |       |       |       ||     3
       Tailslap          |     2 |     4 |    11 |    31 |    33 |     2 ||    83
       Glaive            |       |       |    12 |   258 |   170 |    31 ||   471
       Bardiche          |       |       |       |       |     9 |       ||     9
Invok: Berserk           |       |     2 |     4 |     9 |     9 |     2 ||    26
       Brothers in Arms  |       |       |       |     6 |     5 |     2 ||    13
       Trog's Hand       |       |       |       |     1 |       |     1 ||     2
 Abil: Breathe Noxious F |       |       |     3 |     8 |     3 |       ||    14
Evoke: Lightning rod     |       |       |       |     5 |     5 |       ||    10
       Box of beasts     |       |       |       |     1 |       |       ||     1
       Phial of floods   |       |       |       |     1 |       |       ||     1
  Use: Potion            |       |     2 |       |     9 |     4 |     1 ||    16
       Scroll            |       |       |       |     1 |     4 |       ||     5
 Stab: Sleeping          |     1 |       |     2 |     1 |    18 |     1 ||    23
       Confused          |       |       |     2 |     1 |     1 |       ||     4
       Invisible         |       |       |       |       |     3 |       ||     3
Armor: Skin              |     1 |    15 |     5 |    52 |    18 |     4 ||    95
Dodge: Dodged            |     2 |    22 |    19 |   139 |    74 |    10 ||   266

Table legend: (Time is in decaauts)
 A = Elapsed time spent in this place.
 B = Non-inter-level travel time spent in this place.
 C = Inter-level travel time spent in this place.
 D = Time resting spent in this place.
 E = Time spent auto-exploring this place.
 F = Levels seen in this place.
 G = Mean time per level.
                   A        B        C        D        E       F      G
               +--------+--------+--------+--------+--------+-----+--------+
         Total |   8317 |   8317 |      0 |   5892 |     72 |   1 | 8317.0 |
       Dungeon |   8317 |   8317 |      0 |   5892 |     72 |   1 | 8317.0 |
               +--------+--------+--------+--------+--------+-----+--------+

Top non-repeatable levels by time:
       D: 8317 daAuts
